 Dungeon Crawl Stone Soup version 0.21-a0-94-gdd6ab6a (webtiles) character file.

30 Ordine the Magician (level 3, 0/19 HPs)
             Began as a Deep Elf Wizard on July 3, 2017.
             Slain by a jackal (2 damage)
             ... on level 1 of the Dungeon.
             The game lasted 00:02:19 (494 turns).

Ordine the Magician (Deep Elf Wizard)                Turns: 494, Time: 00:02:20

Health: 0/19       AC:  2    Str:  4    XL:     3   Next: 5%
Magic:  0/11       EV: 13    Int: 25    God:
Gold:   42         SH:  0    Dex: 13    Spells: 8/11 levels left

rFire    . . .     SeeInvis .   f - +0 dagger
rCold    . . .     Gourm    .   (no shield)
rNeg     . . .     Faith    .   a - +0 robe
rPois    .         Spirit   .   b - +0 hat
rElec    .         Reflect  .   (no cloak)
rCorr    .         Harm     .   (no gloves)
MR       .....                  (no boots)
Stlth    ++........             (no amulet)
HPRegen  0.06/turn              e - +2 ring of intelligence
MPRegen  0.12/turn              (no ring)

@: no status effects
A: no striking features
a: no special abilities


You were on level 1 of the Dungeon.
You were not hungry.

You visited 1 branch of the dungeon, and saw 1 of its levels.

You collected 42 gold pieces.

Inventory:

Hand Weapons
 f - a +0 dagger (weapon)
Armour
 a - a +0 robe (worn)
 b - a +0 hat (worn)
Jewellery
 e - a +2 ring of intelligence (left hand)
Scrolls
 l - a scroll of remove curse
Potions
 h - a potion of mutation
 i - a potion of brilliance
Books
 c - a book of Minor Magic

   Spells                             Type                      Level
   a - Magic Dart                     Conjuration                  1
   b - Blink                          Translocation                2
   c - Call Imp                       Summoning                    2
   d - Slow                           Hexes                        2
   e - Conjure Flame                  Conjuration/Fire             3
   f - Mephitic Cloud                 Conjuration/Poison/Air       3
Comestibles
 d - a bread ration
 g - 2 chunks of flesh
 k - a meat ration


   Skills:
 - Level 2.4 Dodging
 + Level 3.1 Stealth
 + Level 4.7 Spellcasting
 * Level 2.1 Conjurations
   Level 1.1 Summonings
 + Level 1.7 Translocations


You had 8 spell levels left.
You knew the following spells:

 Your Spells              Type           Power        Failure   Level  Hunger
a - Magic Dart            Conj           ###.         3%          1    None
b - Blink                 Tloc           N/A          6%          2    None


Dungeon Overview and Level Annotations

Branches:
Dungeon (1/15)

Altars:


Message History

The jackal misses you. The jackal completely misses you.
Casting: Magic Dart
Confirm with . or Enter, or press ? or * to list all spells.
Aiming: Magic Dart
Press: ? - help, Shift-Dir - straight line, f/p - jackal
Aim: a jackal (moderately wounded)
The magic dart hits the jackal.
The jackal is moderately wounded.
The jackal barely misses you.
You hit the jackal.
The jackal is heavily wounded.
The jackal closely misses you.
You barely miss the jackal.
The jackal is heavily wounded.
The jackal bites you.
* * * LOW HITPOINT WARNING * * *
The jackal misses you. The jackal bites you.
You die...

# #.#.#.#..........#.....# #
#.....#.....>.....#####.
#.#.#.#....(............
#####.#..............#.#.###
#.....###.#.......#..#..(#
#.####...##....##.#..#.#####
#.# ######....##...........
#.# #h>..##...........
######.# #@...##......#####
.#.#.#.# #####............#
....(..# #...............##
.#.#.#.......#####............
######.....## #.#######.###
#####.........# #.# #########
.. #


You could see a jackal.

Vanquished Creatures
  2 oozes (D:1)
  3 dart slugs (D:1)
  A ball python (D:1)
  A bat (D:1)
  A giant cockroach (D:1)
  A goblin (D:1)
  A hobgoblin (D:1)
  3 jackals (D:1)
  A frilled lizard (D:1)
  A rat (D:1)
15 creatures vanquished.

Notes
Turn   | Place    | Note
-------+----------+-------------------------------------------
     0 | D:1      | Ordine the Deep Elf Wizard began the quest for the Orb.
     0 | D:1      | Reached XP level 1. HP: 10/10 MP: 7/7
   209 | D:1      | Reached XP level 2. HP: 15/15 MP: 4/9
   219 | D:1      | Learned a level 2 spell: Blink
   443 | D:1      | Reached XP level 3. HP: 13/19 MP: 0/11
   494 | D:1      | Slain by a jackal

Vault maps used:
D:1:      scummos_arrival_hexagon, serial_glass, glass_columns_a,
          glass_columns_c, glass_columns_a, glass_columns_a, glass_columns_a,
          glass_columns_c, minmay_misc_feat_hallway

Skill      XL: |  1  2 |
---------------+-------+-----
Stealth        | 3 |  3.1
Conjurations   | 2 |  2.1
Dodging        | |  2.4
Spellcasting   | |  4.7
Summonings     | |  1.1
Translocations | |  1.7

Action                   || total
-------------------------++-------
Melee: Dagger            ||    31
 Cast: Magic Dart        ||    51
  Use: Scroll            ||     3
       Potion            ||     1
Armor: Robe              ||     6
Dodge: Dodged            ||    46
